 Dungeon Crawl Stone Soup version 0.28-a0-941-g140ffa10cf (webtiles) character file.

Game seed: 17563246069621827955

183 Decritt the Magician (level 5, -5/43 HPs)
             Began as a Gnoll Wanderer on Nov 29, 2021.
             Slain by an orc wizard (14 damage)
             ... on level 3 of the Dungeon.
             The game lasted 00:08:10 (3727 turns).

Decritt the Magician (Gnoll Wanderer)               Turns: 3727, Time: 00:08:11

Health: -5/43      AC: 16    Str: 13    XL:     5   Next: 62%
Magic:  12/12      EV:  6    Int: 11    God:
Gold:   138        SH:  0    Dex: 11    Spells: 14/14 levels left

rFire   . . .      SeeInvis .   a - +2 mace
rCold   . . .      Faith    .   (no shield)
rNeg    . . .      Spirit   .   s - +3 chain mail
rPois   .          Reflect  .   k - +0 helmet
rElec   .          Harm     .   (no cloak)
rCorr   +          Rampage  .   h - +0 pair of gloves
Will    .....                   j - +0 pair of boots
Stlth   ..........              (no amulet)
HPRegen 0.14/turn               g - ring of resist corrosion
MPRegen 0.13/turn               t - ring of flight

@: flying
A: fangs 1, strong nose, distributed training
a: no special abilities


You were on level 3 of the Dungeon.
You visited 1 branch of the dungeon, and saw 3 of its levels.

You collected 138 gold pieces.

Inventory:

Hand Weapons
 a - a +2 mace (weapon)
 d - a +0 dagger
Armour
 b - a +0 ring mail
 h - a +0 pair of gloves (worn)
 j - a +0 pair of boots (worn)
 k - a +0 helmet (worn)
 s - a +3 chain mail (worn)
Jewellery
 g - a ring of resist corrosion (left hand)
 t - a ring of flight (right hand)
Scrolls
 c - a scroll of fog {unknown}
 e - a scroll of enchant weapon {unknown}
 i - a scroll of noise {unknown}
 l - a scroll of teleportation {unknown}
 o - a scroll of blinking {unknown}
 r - a scroll of identify {unknown}
Potions
 f - a potion of heal wounds {unknown}
 m - a potion of attraction {unknown}
 n - a potion of lignification {unknown}
 q - a potion of flight {unknown}


   Skills:
 + Level 4.8 Fighting
 + Level 1.6 Short Blades
 + Level 1.6 Long Blades
 + Level 1.6 Axes
 + Level 3.0 Maces & Flails
 + Level 1.6 Polearms
 + Level 1.6 Staves
 + Level 1.6 Slings
 + Level 1.6 Bows
 + Level 1.6 Crossbows
 + Level 3.0 Throwing
 + Level 4.8 Armour
 + Level 1.6 Dodging
 + Level 1.6 Stealth
 + Level 3.0 Shields
 + Level 1.6 Unarmed Combat
 + Level 5.2 Spellcasting
 + Level 1.2 Conjurations
 + Level 1.2 Hexes
 + Level 1.2 Summonings
 + Level 1.2 Necromancy
 + Level 1.2 Translocations
 + Level 2.4 Transmutations
 + Level 1.2 Fire Magic
 + Level 1.2 Ice Magic
 + Level 1.2 Air Magic
 + Level 1.2 Earth Magic
 + Level 1.2 Poison Magic
 + Level 1.8 Invocations
 + Level 1.6 Evocations


You had 14 spell levels left.
You didn't know any spells.
Your spell library contained the following spells:

 Spells                   Type           Power      Damage    Failure   Level
 Animate Skeleton         Necr           10%        N/A       97%         1
 Apportation              Tloc           10%        N/A       97%         1
 Summon Small Mammal      Summ           20%        N/A       97%         1
 Dazzling Flash           Conj/Hex       10%        N/A       100%        3
 Iskenderun's Mystic Bla  Conj/Tloc      5%         2d3       100%        4
 Starburst                Conj/Fire      2%         6d3       100%        6


Dungeon Overview and Level Annotations

Branches:
Dungeon (3/15)

Altars:


Innate Abilities, Weirdness & Mutations

You have very sharp teeth.
Your uncanny sense of smell can sniff out nearby items.
Your experience applies equally to all skills.


Message History

You bite the orc wizard, but do no damage.
The orc wizard points at you and mumbles some strange words.
The puff of flame hits you but does no damage.
You barely miss the orc wizard. Your bite misses the orc wizard.
The orc wizard gestures at you while chanting.
You are confused.
You bump into the rock wall.
The orc hits you but does no damage.
You bump into the rock wall.
The orc hits you but does no damage.
You miss the orc. The orc hits you but does no damage.
You bump into the rock wall.
The orc wizard casts a spell.
The orc wizard flickers and vanishes!
Deactivating autopickup; reactivate with Ctrl-A.
The orc hits you but does no damage.
You bump into the rock wall.
The orc hits you but does no damage.
You bump into the rock wall.
The orc closely misses you.
You bump into the rock wall.
You feel less confused. The orc hits you but does no damage.
You barely miss the orc. You bite the orc, but do no damage.
The orc hits you but does no damage.
You completely miss the orc. The orc barely misses you.
You hit the orc.
The orc is heavily wounded.
The orc barely misses you. The orc hits you with a +0 dagger.
You hit the orc.
The orc is severely wounded.
The orc hits you but does no damage.
You sock the orc!
You kill the orc!
You closely miss something. Something hits you but does no damage.
You are electrocuted!
Something hits you but does no damage.
You are electrocuted!
* * * LOW HITPOINT WARNING * * *
You closely miss something. Something hits you but does no damage.
You closely miss something. Something hits you but does no damage.
You barely miss something. Something hits you.
* * * LOW HITPOINT WARNING * * *
You are electrocuted!
You die...

####.....##.....## #.#
#.............# #.#
#.#.#.##.....##########.#
#.#..................##.#
####.###.####.#########.##.#
.....# #.# #.####.........##
###### #.# #...............#
#.#########.####.###.#####
#......o{@..#............#
###########.##<###.###.# #.##)#
#.# #.##)# #.# #########.##.###.#
##................#
###########............รท....# #
).............#####.....###.###.#
#######.###...#$$(#.....# #.....#


You could see an orc.

Vanquished Creatures
  A bullfrog zombie (D:3)
  Terence (D:3)
  An orc wizard (D:3)
  3 adders (D:2)
  13 orcs
  6 ball pythons
  3 bats (D:1)
  4 endoplasms
  4 giant cockroaches
  4 goblins (D:2)
  6 hobgoblins
  A quokka (D:3)
  3 frilled lizards
  4 kobolds
  6 rats
60 creatures vanquished.

Notes
Turn   | Place    | Note
-------+----------+-------------------------------------------
     0 | D:1      | Decritt the Gnoll Wanderer began the quest for the Orb.
     0 | D:1      | Decritt set off with the following items: a +2 mace, a +0
                  | ring mail, 11 poisoned darts, a +0 dagger
     0 | D:1      | Reached XP level 1. HP: 20/20 MP: 6/6
   403 | D:1      | Reached XP level 2. HP: 26/26 MP: 7/7
  1253 | D:2      | Reached XP level 3. HP: 31/31 MP: 9/9
  1306 | D:2      | Reached skill level 5 in Spellcasting
  1652 | D:2      | Reached skill level 1 in Invocations
  1973 | D:2      | Reached skill level 1 in Short Blades
  1973 | D:2      | Reached skill level 1 in Long Blades
  1973 | D:2      | Reached skill level 1 in Axes
  1973 | D:2      | Reached skill level 1 in Polearms
  1973 | D:2      | Reached skill level 1 in Staves
  1973 | D:2      | Reached skill level 1 in Slings
  1973 | D:2      | Reached skill level 1 in Bows
  1973 | D:2      | Reached skill level 1 in Crossbows
  1973 | D:2      | Reached skill level 1 in Dodging
  1973 | D:2      | Reached skill level 1 in Stealth
  1973 | D:2      | Reached skill level 1 in Unarmed Combat
  1973 | D:2      | Reached skill level 1 in Evocations
  1973 | D:2      | Reached XP level 4. HP: 29/38 MP: 11/11
  2403 | D:2      | Found a faded altar of an unknown god.
  2674 | D:3      | Reached skill level 1 in Conjurations
  2674 | D:3      | Reached skill level 1 in Hexes
  2674 | D:3      | Reached skill level 1 in Summonings
  2674 | D:3      | Reached skill level 1 in Necromancy
  2674 | D:3      | Reached skill level 1 in Translocations
  2674 | D:3      | Reached skill level 1 in Fire Magic
  2674 | D:3      | Reached skill level 1 in Ice Magic
  2674 | D:3      | Reached skill level 1 in Air Magic
  2674 | D:3      | Reached skill level 1 in Earth Magic
  2674 | D:3      | Reached skill level 1 in Poison Magic
  3100 | D:3      | Noticed Terence
  3129 | D:3      | Killed Terence
  3130 | D:3      | Reached XP level 5. HP: 7/43 MP: 12/12
  3727 | D:3      | Slain by an orc wizard

Illustrated notes

Levels and vault maps discovered:
D:1:      dpeg_arrival_central, layout_loops_ring,
          chequers_serial_rivers_micro_b
D:2:      layout_basic, ebering_ecumenical_altar_abandoned
D:3:      layout_loops_ring, due_unseen_surprise, uniq_terence

Skill      XL: |  1  2  3  4  5 |
---------------+----------------+-----
Transmutations | 2 |  2.4
Spellcasting   | 5 |  5.2
Invocations    | 1 |  1.8
Short Blades   | 1 |  1.6
Long Blades    | 1 |  1.6
Axes           | 1 |  1.6
Polearms       | 1 |  1.6
Staves         | 1 |  1.6
Slings         | 1 |  1.6
Bows           | 1 |  1.6
Crossbows      | 1 |  1.6
Dodging        | 1 |  1.6
Stealth        | 1 |  1.6
Unarmed Combat | 1 |  1.6
Evocations     | 1 |  1.6
Conjurations   | 1 |  1.2
Hexes          | 1 |  1.2
Summonings     | 1 |  1.2
Necromancy     | 1 |  1.2
Translocations | 1 |  1.2
Fire Magic     | 1 |  1.2
Ice Magic      | 1 |  1.2
Air Magic      | 1 |  1.2
Earth Magic    | 1 |  1.2
Poison Magic   | 1 |  1.2
Maces & Flails | 3 |  3.0
Throwing       | 3 |  3.0
Shields        | 3 |  3.0
Fighting       | |  4.8
Armour         | |  4.8

Action                   |  1- 3 |  4- 6 || total
-------------------------+-------+-------++-------
Melee: Mace              |    74 |   109 ||   183
       Bite              |     5 |    10 ||    15
       Punch             |       |     1 ||     1
Throw: Dart              |    86 |    33 ||   119
Armor: Ring mail         |    33 |    36 ||    69
       Chain mail        |       |    25 ||    25
Dodge: Dodged            |    28 |    36 ||    64

Table legend: (Time is in decaauts)
 A = Elapsed time spent in this place.
 B = Non-inter-level travel time spent in this place.
 C = Inter-level travel time spent in this place.
 D = Time resting spent in this place.
 E = Time spent auto-exploring this place.
 F = Levels seen in this place.
 G = Mean time per level.
                   A        B        C        D        E       F      G
               +--------+--------+--------+--------+--------+-----+--------+
         Total |   3760 |   3704 |     56 |   1005 |   2074 |   3 | 1253.3 |
       Dungeon |   3760 |   3704 |     56 |   1005 |   2074 |   3 | 1253.3 |
               +--------+--------+--------+--------+--------+-----+--------+

Top non-repeatable levels by time:
     D:2: 1644 daAuts
     D:1: 1247 daAuts
     D:3: 868 daAuts
